[Event "Titled Tuesday Blitz March 08 Late 2022"]
[White "Butti, Enrique"]
[Black "Sarkar, Justin"]
[WhiteFideId "3700470"]
[BlackFideId "2010011"]
[WhiteElo "2080"]
[BlackElo "2038"]
[Result "0-1"]
[Round "08"]
[TimeControl "180+1"]
[Date "2022.03.09"]
[WhiteClock "0:02:05"]
[BlackClock "0:01:26"]

1. Nf3 d5 2. c4 dxc4 3. Na3 c5 4. Nxc4 Nc6 5. g3 g6 6. Bg2 Bg7 7. O-O e5 8. d3 Nge7 9. a3 O-O 10. Rb1 Rb8 11. b4 b5 12. Ncd2 cxb4 13. axb4 Nd5 14. Qb3 Ndxb4 15. Ba3 Be6 16. Qc3 e4 0-1


[Site "https://www.chess.com"]

[Event "Titled Tuesday Blitz March 08 Late 2022"]
[White "Chernomordik, Pavel"]
[Black "Spitzl, Vinzent"]
[WhiteFideId "2804530"]
[BlackFideId "12901253"]
[WhiteElo "2249"]
[BlackElo "2160"]
[Result "0-1"]
[Round "08"]
[TimeControl "180+1"]
[Date "2022.03.09"]
[WhiteClock "0:00:20"]
[BlackClock "0:00:11"]

1. e4 d5 2. exd5 Qxd5 3. Nc3 Qd8 4. Bc4 Nf6 5. Nf3 g6 6. Qe2 Bg7 7. Ne5 O-O 8. d3 Nbd7 9. Nf3 a6 10. Bg5 b5 11. Bb3 Bb7 12. O-O-O Nc5 13. d4 Nxb3+ 14. axb3 Re8 15. Rhe1 Qd6 16. Ne5 e6 17. h4 Rad8 18. g4 c5 19. Be3 cxd4 20. Bxd4 Qb4 21. Bb6 Rxd1+ 22. Rxd1 Nd5 23. Nxd5 Bxd5 24. Bd4 a5 25. Bc3 Qc5 26. Nd7 Qc7 27. Nf6+ Bxf6 28. Bxf6 Qf4+ 29. Qd2 Qxf6 30. Qxa5 Ra8 31. Qb6 Ra1+ 32. Kd2 Qf4+ 33. Qe3 Qxe3+ 34. fxe3 Rxd1+ 35. Kxd1 Bf3+ 36. Kd2 Bxg4 37. c4 bxc4 38. bxc4 Kf8 39. b4 Ke7 40. Kc3 Kd6 41. Kd4 Bf3 42. b5 e5+ 43. Kd3 Kc5 44. Kc3 Be2 45. e4 Bxc4 46. b6 Kxb6 47. Kxc4 Kc6 48. Kc3 f5 49. Kd3 Kc5 0-1


[Site "https://www.chess.com"]

[Event "Titled Tuesday Blitz March 08 Late 2022"]
[White "Cori T., Deysi"]
[Black "Rustemov, Alexander"]
[WhiteFideId "3801934"]
[BlackFideId "4119002"]
[WhiteElo "2341"]
[BlackElo "2750"]
[Result "1-0"]
[Round "08"]
[TimeControl "180+1"]
[Date "2022.03.08"]
[WhiteClock "0:00:35"]
[BlackClock "0:00:14"]

1. d4 d5 2. c4 dxc4 3. e3 Nf6 4. Bxc4 e6 5. Nf3 c5 6. O-O a6 7. Qe2 b5 8. Bb3 Bb7 9. Rd1 Nbd7 10. a4 c4 11. Bc2 Be7 12. b3 cxb3 13. Bxb3 b4 14. Nbd2 a5 15. e4 O-O 16. Bb2 Qb6 17. Nc4 Qa6 18. d5 exd5 19. exd5 Rfe8 20. Nd4 Bxd5 21. Nb5 Bf8 22. Qd2 Rac8 23. Rac1 Qe6 24. Nd4 Qa6 25. Nb5 Nc5 26. Bxf6 Nxb3 27. Qxd5 Nxc1 28. Ncd6 Ne2+ 29. Kh1 Bxd6 30. Nxd6 gxf6 31. Qxf7+ Kh8 32. Qxf6+ Kg8 33. Qf7+ Kh8 34. Nxe8 Qg6 35. Qf8+ Qg8 36. Qf6+ Qg7 37. Qxg7# 1-0


[Site "https://www.chess.com"]

[Event "Titled Tuesday Blitz March 08 Late 2022"]
[White "Cupid, Kevin"]
[Black "Antonio, Jorge Carlos"]
[WhiteFideId "7700512"]
[BlackFideId "113190"]
[WhiteElo "2096"]
[BlackElo "2247"]
[Result "0-1"]
[Round "08"]
[TimeControl "180+1"]
[Date "2022.03.09"]
[WhiteClock "0:00:49"]
[BlackClock "0:00:51"]

1. d4 d6 2. c4 g6 3. Nc3 Bg7 4. e4 Nf6 5. f3 O-O 6. Be3 Nbd7 7. Nge2 a6 8. Qd2 e5 9. Bh6 Nxe4 10. Nxe4 Qh4+ 11. g3 Qxh6 12. d5 Qxd2+ 13. Nxd2 f5 14. Nc3 b6 15. Be2 a5 16. O-O Nc5 17. Nb5 Rf7 18. a3 Ba6 19. b4 Na4 20. bxa5 Bxb5 21. cxb5 Rxa5 22. Rac1 Nc5 23. Nc4 Ra7 24. Rc2 e4 25. Kg2 Re7 26. f4 h5 27. h3 Ra4 28. g4 hxg4 29. hxg4 Bd4 30. Rh1 Rh7 31. Rxh7 Kxh7 32. gxf5 gxf5 33. Kh3 Kg7 34. Kh4 Kf6 35. Kh5 Bf2 36. Rc3 Ra8 0-1


[Site "https://www.chess.com"]

[Event "Titled Tuesday Blitz March 08 Late 2022"]
[White "Curtis, John"]
[Black "Sliwicki, Damian"]
[WhiteFideId "3200256"]
[BlackFideId "1127128"]
[WhiteElo "2203"]
[BlackElo "2067"]
[Result "0-1"]
[Round "08"]
[TimeControl "180+1"]
[Date "2022.03.09"]
[WhiteClock "0:00:01"]
[BlackClock "0:00:38"]

1. d4 Nf6 2. Nf3 e6 3. Bg5 Be7 4. Nbd2 d5 5. Bxf6 Bxf6 6. e4 dxe4 7. Nxe4 O-O 8. c3 b6 9. Bd3 Bb7 10. Qe2 Nd7 11. O-O-O Be7 12. g4 Qc8 13. g5 c5 14. Bc2 cxd4 15. Nxd4 Nc5 16. h4 Nxe4 17. Bxe4 Bxe4 18. Qxe4 Qc4 19. Kb1 Rac8 20. Rhg1 Rc5 21. Qd3 Qxd3+ 22. Rxd3 Rfc8 23. Rgd1 g6 24. Nb3 Rf5 25. Rd7 Kf8 26. Rxa7 Rxf2 27. Rdd7 Re8 28. Nd4 Bc5 29. Nc6 e5 30. b4 e4 31. Rd1 e3 32. bxc5 e2 0-1


[Site "https://www.chess.com"]

[Event "Titled Tuesday Blitz March 08 Late 2022"]
[White "Dardha, Daniel"]
[Black "Oparin, Grigoriy"]
[WhiteFideId "240990"]
[BlackFideId "24125890"]
[WhiteElo "2482"]
[BlackElo "2665"]
[Result "1-0"]
[Round "08"]
[TimeControl "180+1"]
[Date "2022.03.08"]
[WhiteClock "0:00:12"]
[BlackClock "0:00:19"]

1. d4 Nf6 2. c4 e6 3. Nc3 Bb4 4. Qc2 d6 5. e4 c5 6. d5 b5 7. dxe6 Bxe6 8. cxb5 O-O 9. Nf3 d5 10. exd5 Nxd5 11. Bd3 h6 12. O-O Nd7 13. Rd1 N7f6 14. Bc4 Bxc3 15. bxc3 Qc7 16. h3 Rad8 17. Bf1 Nf4 18. Bxf4 Qxf4 19. Qc1 Qa4 20. Re1 Bd5 21. Ne5 c4 22. Qf4 Qxb5 23. Rad1 Be6 24. Nxc4 Rxd1 25. Rxd1 Qa4 26. Rd4 Qxa2 27. Ne3 Qb2 28. c4 a5 29. c5 Rc8 30. Qe5 Qc1 31. c6 Qxc6 32. Qxa5 Qc7 33. Qd2 Qe7 34. g3 g6 35. Ng2 h5 36. Nf4 Bf5 37. Qb2 Rd8 38. Rb4 Ne4 39. Rb7 Rd7 40. Nd5 Qd6 41. Rb8+ Rd8 42. Rb5 Be6 43. Nf4 Bf5 44. Rd5 Qe7 45. Re5 Qd6 46. Nxh5 Qd4 47. Re8+ Kh7 48. Qxd4 Rxd4 49. Nf4 Kg7 50. Ne2 Rd2 51. g4 Be6 52. Nf4 Ng5 53. Nxe6+ Nxe6 54. Rb8 Nf4 55. Rb4 g5 56. h4 f6 57. hxg5 fxg5 58. Rb5 Kf6 59. Rf5+ Kg6 60. Re5 Rd1 61. Rf5 Rc1 62. f3 Rc2 63. Rxf4 Rd2 64. Rf5 Rd4 65. Bg2 Rd1+ 66. Kh2 Rd2 67. Kg3 Rd4 68. Re5 Rd6 69. Re4 Kf6 70. Kf2 Rd2+ 71. Kg3 Rd1 72. Re2 Ra1 73. Kf2 Rb1 74. Bf1 Rb3 75. Rd2 Rb4 76. Bd3 Rb6 77. Ke3 Ke5 78. Be4 Rb3+ 79. Rd3 Rb5 80. Rc3 Ra5 81. Bd3 Rd5 82. Rb3 Kf6 83. Rb5 Rd6 84. Ke4 Re6+ 85. Kd4 Rd6+ 86. Rd5 Rb6 87. Rf5+ 1-0


[Site "https://www.chess.com"]

[Event "Titled Tuesday Blitz March 08 Late 2022"]
[White "Debray, Christopher"]
[Black "Rosen, Eric"]
[WhiteFideId "630810"]
[BlackFideId "2032562"]
[WhiteElo "2393"]
[BlackElo "2362"]
[Result "1-0"]
[Round "08"]
[TimeControl "180+1"]
[Date "2022.03.09"]
[WhiteClock "0:00:05"]
[BlackClock "0:00:01"]

1. d4 d5 2. c4 e6 3. Nf3 Nf6 4. Nc3 a6 5. cxd5 Nxd5 6. e4 Nxc3 7. bxc3 c5 8. Be2 cxd4 9. cxd4 Bb4+ 10. Bd2 Bxd2+ 11. Qxd2 O-O 12. O-O b5 13. Rad1 Bb7 14. Qf4 Nd7 15. Bd3 Re8 16. Rfe1 Nf8 17. d5 Ng6 18. Qg3 exd5 19. e5 Qb6 20. h4 Re7 21. h5 Nf8 22. Nd4 Bc8 23. Bf5 Re8 24. Bxc8 Raxc8 25. Nf5 Ne6 26. Nd6 d4 27. h6 g6 28. Qf3 Red8 29. Nxc8 Rxc8 30. Qf6 Qd8 31. Qxd8+ Rxd8 32. Re4 d3 33. Kf1 Kf8 34. Ke1 Ke7 35. Kd2 Nc5 36. Re3 Rd5 37. Rc1 Ke6 38. f4 a5 39. g4 b4 40. Rf1 a4 41. f5+ gxf5 42. gxf5+ Ke7 43. Rg1 b3 44. axb3 Nxb3+ 45. Kc3 d2 46. Rd1 Rd4 47. Kb2 Rf4 48. Ka3 Rxf5 49. Kxa4 Nc5+ 50. Kb5 Ne6 51. Rxd2 Rh5 52. Ra3 Rxh6 53. Ra7+ Kf8 54. Rf2 Ng5 55. Rf5 Rg6 56. e6 Nxe6 57. Rfxf7+ Kg8 58. Rxh7 Ng7 59. Rh2 Rg5+ 60. Kc4 Rf5 61. Rg2 Rf7 62. Ra8+ Kh7 63. Rh2+ Kg6 64. Ra6+ Kf5 65. Rf2+ Ke4 66. Rxf7 Nh5 67. Re7+ 1-0


[Site "https://www.chess.com"]

[Event "Titled Tuesday Blitz March 08 Late 2022"]
[White "Derige Kane, Yan"]
[Black "Kujawski, Adam"]
[WhiteFideId "20665431"]
[BlackFideId "1100920"]
[WhiteElo "2169"]
[BlackElo "2053"]
[Result "1-0"]
[Round "08"]
[TimeControl "180+1"]
[Date "2022.03.09"]
[WhiteClock "0:00:05"]
[BlackClock "0:00:01"]

1. e4 e5 2. Nf3 Nc6 3. Bc4 Nf6 4. Ng5 d5 5. exd5 Na5 6. Bb5+ c6 7. dxc6 bxc6 8. Bd3 Nd5 9. Nf3 Bd6 10. O-O O-O 11. Nc3 Nf4 12. Be2 f5 13. d3 Nxe2+ 14. Qxe2 Qc7 15. Bd2 Ba6 16. b4 Nb7 17. a4 e4 18. b5 exf3 19. Qxf3 cxb5 20. axb5 Bxh2+ 21. Kh1 Bxb5 22. Nxb5 Qxc2 23. Qxb7 Qxd2 24. Qd5+ Kh8 25. Kxh2 Rad8 26. Qc5 Rc8 27. Qxa7 Qxd3 28. Rab1 f4 29. Qe7 f3 30. Nd6 Rf6 31. Nxc8 Rh6+ 32. Kg1 1-0


[Site "https://www.chess.com"]

[Event "Titled Tuesday Blitz March 08 Late 2022"]
[White "Derraugh, Geordie"]
[Black "Stoleriu, George"]
[WhiteFideId "2603950"]
[BlackFideId "1227505"]
[WhiteElo "2116"]
[BlackElo "2203"]
[Result "0-1"]
[Round "08"]
[TimeControl "180+1"]
[Date "2022.03.08"]
[WhiteClock "0:00:02"]
[BlackClock "0:00:22"]

1. e4 e6 2. d4 d5 3. exd5 exd5 4. Nf3 Nc6 5. Bd3 Bd6 6. c3 Bg4 7. O-O Nge7 8. Bg5 Qd7 9. Nbd2 O-O-O 10. b4 f6 11. Bh4 h5 12. Bg3 g5 13. b5 Nb8 14. a4 h4 15. Bxd6 Qxd6 16. c4 dxc4 17. Nxc4 Qf4 18. Re1 Bxf3 19. Qxf3 Qxf3 20. gxf3 Kd7 21. Be4 b6 22. Rac1 Rde8 23. Bb7 Nf5 24. Red1 Nd6 25. Bd5 Nxc4 26. Rxc4 Kd6 27. Be4 Rhf8 28. Rdc1 f5 29. Bb7 Rf7 30. h3 Re2 31. Kg2 Rfe7 32. Bc8 Rf7 33. R1c3 Re8 34. Bb7 Rg8 35. Re3 g4 36. fxg4 fxg4 37. hxg4 Rxg4+ 38. Kh3 Rg1 39. Re5 Rxf2 40. Rd5+ Ke6 41. Rxc7 Rg3+ 42. Kxh4 Rg8 43. Rc3 Rh2+ 44. Rh3 Rh8+ 0-1


[Site "https://www.chess.com"]

[Event "Titled Tuesday Blitz March 08 Late 2022"]
[White "Desideri, Ricardo Maruchi"]
[Black "Hartikainen, Jarmo"]
[WhiteFideId "2110440"]
[BlackFideId "503134"]
[WhiteElo "1945"]
[BlackElo "2095"]
[Result "0-1"]
[Round "08"]
[TimeControl "180+1"]
[Date "2022.03.09"]
[WhiteClock "0:00:02"]
[BlackClock "0:00:13"]

1. e4 c5 2. Nf3 Nc6 3. d4 cxd4 4. Nxd4 Nf6 5. Nc3 d6 6. Be3 e5 7. Ndb5 a6 8. Na3 b5 9. Nd5 Nxd5 10. exd5 Nb8 11. c4 b4 12. Nc2 a5 13. Be2 Be7 14. O-O O-O 15. f4 exf4 16. Bxf4 Bf6 17. Nd4 Re8 18. Nb5 Qb6+ 19. Kh1 Be5 20. Bxe5 Rxe5 21. Bd3 f5 22. Re1 Nd7 23. Qh5 g6 24. Qg5 Ba6 25. a4 Qd8 26. Qxd8+ Rxd8 27. Nxd6 Nc5 28. Rxe5 Nxd3 29. Re6 Nc5 30. Nb7 Nxe6 31. Nxd8 Nxd8 32. Re1 Bxc4 33. Re8+ Kf7 34. Rxd8 g5 35. Rb8 Bxd5 0-1


[Site "https://www.chess.com"]

[Event "Titled Tuesday Blitz March 08 Late 2022"]
[White "Dobrov, Vladimir"]
[Black "Martirosyan, Haik M."]
[WhiteFideId "4136594"]
[BlackFideId "13306553"]
[WhiteElo "2614"]
[BlackElo "2735"]
[Result "1/2-1/2"]
[Round "08"]
[TimeControl "180+1"]
[Date "2022.03.08"]
[WhiteClock "0:00:33"]
[BlackClock "0:00:18"]

1. d4 d5 2. c4 c6 3. Nc3 Nf6 4. Nf3 e6 5. Bg5 h6 6. Bxf6 Qxf6 7. Qc2 Nd7 8. e4 dxc4 9. Bxc4 e5 10. O-O Bd6 11. Rad1 O-O 12. d5 Nb6 13. Bb3 Bg4 14. Rd3 c5 15. Nd2 Bd7 16. a4 c4 17. Nxc4 Nxc4 18. Bxc4 a6 19. Rf3 Qe7 20. h3 Rac8 21. Be2 g6 22. Qb3 Rc7 23. a5 Kg7 24. Nd1 f5 25. Ne3 f4 26. Nc4 Bc5 27. Rd1 Bb5 28. Rc1 Rfc8 29. Qa2 h5 30. b3 g5 31. Rd3 Bxc4 32. Rxc4 Kh6 33. Qd2 Bd6 34. Rdc3 Qd7 35. Qd1 Rxc4 36. Rxc4 Rxc4 37. bxc4 Qf7 38. Qd2 Bc5 39. Qb2 Qe7 1/2-1/2


[Site "https://www.chess.com"]

[Event "Titled Tuesday Blitz March 08 Late 2022"]
[White "Domingo Nunez, Alejandro"]
[Black "Dilmukhametov, Artur"]
[WhiteFideId "22245561"]
[BlackFideId "24179922"]
[WhiteElo "2215"]
[BlackElo "2237"]
[Result "1-0"]
[Round "08"]
[TimeControl "180+1"]
[Date "2022.03.09"]
[WhiteClock "0:00:38"]
[BlackClock "0:00:09"]

1. c4 Nf6 2. Nc3 c5 3. Nf3 g6 4. g3 Bg7 5. Bg2 O-O 6. O-O d5 7. cxd5 Nxd5 8. Qb3 Nb6 9. a4 Be6 10. Qc2 Nc6 11. a5 Nd5 12. Ng5 Nxc3 13. dxc3 Bd7 14. Be3 b6 15. Rfd1 Qc7 16. Qe4 Nxa5 17. Qxe7 Rad8 18. Ne4 Nc4 19. Bf4 Be5 20. Nf6+ Kg7 21. Rxd7 Rxd7 22. Nxd7 Rd8 23. Bxe5+ Qxe5 24. Nxe5 1-0


[Site "https://www.chess.com"]

[Event "Titled Tuesday Blitz March 08 Late 2022"]
[White "Elissalt Cardenas, Hector"]
[Black "Kostiukov, Alexandr"]
[WhiteFideId "3500632"]
[BlackFideId "14108100"]
[WhiteElo "2159"]
[BlackElo "2202"]
[Result "1-0"]
[Round "08"]
[TimeControl "180+1"]
[Date "2022.03.09"]
[WhiteClock "0:00:24"]
[BlackClock "0:00:02"]

1. d4 g6 2. e4 Bg7 3. Nc3 d6 4. g3 e5 5. dxe5 dxe5 6. Qxd8+ Kxd8 7. Bc4 f6 8. Be3 Bh6 9. Rd1+ Nd7 10. f4 c6 11. Nf3 Kc7 12. a4 a5 13. Kf2 Ne7 14. h4 Rf8 15. h5 exf4 16. gxf4 g5 17. f5 Nb6 18. Bb3 Nxf5 19. exf5 Bxf5 20. Bc5 Rfd8 21. Rhe1 Bf8 22. Bxf8 Rxf8 23. Re7+ Kb8 24. Nd4 Bg4 25. Rh1 Rh8 26. h6 Ka7 27. Ne6 Rae8 28. Rxe8 Rxe8 29. Re1 Nd7 30. Nd4 Rd8 31. Ne6 Re8 32. Ng7 Rd8 33. Be6 Ne5 34. Rxe5 fxe5 35. Bxg4 Rd2+ 36. Ke3 Rxc2 37. Bf5 Rxb2 38. Bxh7 Rh2 39. Nf5 Rh3+ 40. Kd2 g4 41. Bg8 g3 42. Ne2 g2 43. h7 b5 44. axb5 cxb5 45. Ne3 g1=Q 46. Nxg1 Rh2+ 47. Kd3 a4 48. Nf3 Rh3 49. Ng5 Rh1 50. Bd5 b4 51. Bxh1 a3 52. h8=Q 1-0


[Site "https://www.chess.com"]

[Event "Titled Tuesday Blitz March 08 Late 2022"]
[White "Estrada Nieto, Julian"]
[Black "Rastbod, Ali"]
[WhiteFideId "5101018"]
[BlackFideId "12567477"]
[WhiteElo "2246"]
[BlackElo "2200"]
[Result "1/2-1/2"]
[Round "08"]
[TimeControl "180+1"]
[Date "2022.03.08"]
[WhiteClock "0:00:09"]
[BlackClock "0:00:09"]

1. e4 e6 2. d4 d5 3. Nd2 c5 4. exd5 Qxd5 5. Ngf3 cxd4 6. Bc4 Qd8 7. O-O Nc6 8. Nb3 Qc7 9. Nbxd4 Nxd4 10. Qxd4 Nf6 11. Bf4 Qc5 12. Rfd1 Qxd4 13. Nxd4 a6 14. Be2 Bd7 15. Bf3 O-O-O 16. Nb3 b6 17. a4 a5 18. Be2 Kb7 19. Bf3+ Kc8 20. Be2 Kb7 21. Bf3+ Ka7 22. Nd4 Bc5 23. Nb5+ Bxb5 24. axb5 Nd5 25. Bxd5 exd5 26. Kf1 Rhe8 27. Re1 Re4 28. Rxe4 dxe4 29. g4 g6 30. g5 Rd5 31. Re1 Be7 32. Rxe4 Bxg5 33. Bxg5 Rxg5 34. Re7+ Kb8 35. Rxf7 Rxb5 36. b3 Rc5 37. c4 a4 38. bxa4 Rxc4 39. Rxh7 Rxa4 40. Rg7 Rg4 41. h3 Rg5 42. h4 Rg4 43. f3 Rxh4 44. Rxg6 Kc7 45. Kf2 b5 46. Kg3 Rh1 47. Kf4 b4 48. Re6 Rh5 49. Re3 Kc6 50. Kg4 Rh1 51. f4 Kd5 52. f5 Rg1+ 53. Kh5 Kd4 54. Re8 b3 55. Rb8 Kc3 56. f6 Rf1 57. Kg6 Rg1+ 58. Kf5 b2 59. f7 b1=Q+ 60. Rxb1 Rxb1 61. Ke6 Re1+ 62. Kd7 Rd1+ 63. Ke7 Re1+ 64. Kd7 Rf1 65. Ke7 Rxf7+ 66. Kxf7 1/2-1/2


[Site "https://www.chess.com"]

[Event "Titled Tuesday Blitz March 08 Late 2022"]
[White "Fiorito, Fabian"]
[Black "Fishbein, Alexander"]
[WhiteFideId "100200"]
[BlackFideId "2000377"]
[WhiteElo "2395"]
[BlackElo "2442"]
[Result "0-1"]
[Round "08"]
[TimeControl "180+1"]
[Date "2022.03.08"]
[WhiteClock "0:02:08"]
[BlackClock "0:01:07"]

1. d4 Nf6 2. Nc3 d5 3. Bf4 e6 4. Nb5 Na6 5. e3 Be7 6. Nf3 O-O 7. h4 c6 8. Nc3 c5 9. Nb5 Ne4 10. c3 Bd7 11. a4 c4 12. b3 Bxb5 13. axb5 Nxc3 14. Qc2 Nxb5 15. Ng5 g6 16. bxc4 Bb4+ 17. Ke2 Nc3+ 18. Kf3 dxc4 19. Bxc4 Nd5 20. h5 Nxf4 21. Kxf4 Bd6+ 22. Kg4 f5+ 23. Kh4 h6 24. Bxe6+ Kg7 25. f4 hxg5+ 26. fxg5 Rh8 27. h6+ Rxh6# 0-1


[Site "https://www.chess.com"]

[Event "Titled Tuesday Blitz March 08 Late 2022"]
[White "Gadimbayli, Abdulla"]
[Black "Adewumi, Tanitoluwa"]
[WhiteFideId "13404938"]
[BlackFideId "30966396"]
[WhiteElo "2311"]
[BlackElo "2560"]
[Result "1-0"]
[Round "08"]
[TimeControl "180+1"]
[Date "2022.03.08"]
[WhiteClock "0:00:05"]
[BlackClock "0:00:04"]

1. Nf3 Nc6 2. b3 e5 3. e4 Nf6 4. d3 d5 5. exd5 Qxd5 6. Nc3 Bb4 7. Bd2 Bxc3 8. Bxc3 O-O 9. Be2 Bf5 10. O-O Rad8 11. Qd2 h6 12. Rae1 Rfe8 13. Qc1 Qc5 14. Qb2 Nd5 15. Bd2 Nf4 16. Bd1 Qd5 17. Re3 Re6 18. Nh4 Bh7 19. Bf3 Qd6 20. g3 Nh3+ 21. Kh1 Ng5 22. Bg2 e4 23. Bc3 exd3 24. Rxe6 Nxe6 25. Rd1 dxc2 26. Rc1 Qd1+ 27. Bf1 Qxc1 28. Qxc1 Rd1 29. Bb2 Bd3 30. Kg1 Ncd4 31. Qe3 Bxf1 32. h3 Bxh3+ 33. Kh2 Bg4 34. f3 Bf5 35. g4 Bh7 36. Ng2 c5 37. Kg3 Bg6 38. Nh4 Kh7 39. Ng2 h5 40. b4 hxg4 41. fxg4 cxb4 42. Nh4 a5 43. Ng2 a4 44. Nf4 a3 45. Nxe6 axb2 46. Ng5+ Kh6 47. Nxf7+ Kh7 48. Ng5+ Kh6 49. Nf7+ Kh7 50. Ng5+ Kg8 51. Qe5 Rg1+ 52. Kh2 Rh1+ 53. Kg3 c1=Q 54. Qb8+ Qc8 55. Qxc8+ Be8 56. Qxe8# 1-0


[Site "https://www.chess.com"]

[Event "Titled Tuesday Blitz March 08 Late 2022"]
[White "Gerbelli Neto, Eduardo"]
[Black "Qashashvili, Alexandre"]
[WhiteFideId "2103281"]
[BlackFideId "13600842"]
[WhiteElo "2178"]
[BlackElo "2316"]
[Result "1/2-1/2"]
[Round "08"]
[TimeControl "180+1"]
[Date "2022.03.09"]
[WhiteClock "0:00:21"]
[BlackClock "0:00:34"]

1. e4 c6 2. d4 d5 3. exd5 cxd5 4. c4 Nf6 5. Nc3 Nc6 6. Nf3 Bf5 7. Qb3 Qb6 8. cxd5 Qxb3 9. axb3 Nb4 10. Bb5+ Bd7 11. Bxd7+ Kxd7 12. O-O Nfxd5 13. Ne5+ Ke8 14. Bd2 f6 15. Nc4 e6 16. Ne4 b6 17. Bc3 Kf7 18. Rfd1 Be7 19. g3 Rhd8 20. Ne3 Nxe3 21. fxe3 Nc2 22. Rac1 Nxe3 23. Re1 Nd5 24. Rf1 Rac8 25. Ng5+ Kg8 26. Nxe6 Re8 27. Rfe1 Bb4 28. Bxb4 Nxb4 29. Rxc8 Rxc8 30. Nf4 Kf7 31. Ra1 a5 32. Rd1 g5 33. Nd3 Nxd3 34. Rxd3 Rc2 35. d5 Ke7 36. Re3+ Kf7 37. Re6 b5 38. Rb6 b4 39. Rb7+ Kg6 40. Ra7 Rxb2 41. Rxa5 Rxb3 42. Rb5 Kf5 43. Kg2 Ke5 44. Rb7 Kxd5 45. Rxh7 Rb1 46. Rf7 Ke6 47. Rb7 b3 48. g4 Ke5 49. Rb4 Kd5 50. Rb6 Rb2+ 51. Kg3 Ke5 52. Rb4 Rb1 53. Kg2 b2 54. Rb5+ Kf4 55. Rb4+ Ke3 56. Rb3+ Kd2 57. Rb6 Kc3 58. Rc6+ Kd4 59. Rb6 Kc5 60. Rb3 Kc4 61. Rb8 Kd5 62. Rb3 Ke6 63. Rb6+ Kf7 64. Rb3 Kg6 65. Rb5 Kh6 66. Rb4 Kg7 67. Rb7+ Kg8 68. Rb5 Kf7 69. Rb7+ Kg6 70. Rb5 Rc1 71. Rxb2 Rc4 72. Kg3 Rc3+ 73. Kg2 Kf7 74. h3 Rc4 75. Rf2 Ke6 76. Rf3 Rc2+ 77. Kg3 Rc1 78. Re3+ Kf7 79. Re2 Kg6 80. Rf2 Rc2 81. Rf3 Ra2 82. Rf2 Ra3+ 83. Rf3 Ra5 84. Re3 f5 85. Re6+ Kf7 86. gxf5 Rxf5 87. Re4 Kg6 88. Kg4 Rf6 89. Re5 Rf4+ 90. Kg3 Ra4 91. Re6+ Kh5 92. Re3 Rb4 93. Rd3 Rb1 94. Re3 Rg1+ 95. Kh2 Rf1 96. Kg2 Ra1 97. Kg3 Ra2 98. Rb3 Rd2 99. Rc3 Rb2 100. Rd3 Rc2 101. Rb3 Rc4 102. Rd3 Rc1 103. Rb3 Rg1+ 104. Kh2 Rd1 105. Kg2 Kh4 106. Rb4+ Kh5 107. Rb3 Rd4 108. Kg3 Rf4 109. Rc3 Rf1 110. Rd3 Ra1 111. Rc3 Rd1 112. Rb3 Rc1 113. Rd3 Kg6 114. Rd6+ Kf5 115. Rd5+ Kf6 116. Rd6+ Kf5 117. Rd5+ Kg6 118. Rd6+ Kh5 119. Rd3 Rc4 120. Rb3 Ra4 121. Rd3 Ra6 122. Rc3 Kg6 123. Rb3 Rc6 124. Rf3 Rc4 125. Rd3 Rc5 126. Rd6+ Kf5 127. Rd3 Rc4 128. Rf3+ Kg6 129. Ra3 Rc1 130. Ra6+ Kh5 131. Ra3 Rg1+ 132. Kh2 Rb1 133. Kg2 Kh4 134. Ra4+ Kh5 135. Ra3 Rb2+ 136. Kg3 Rd2 1/2-1/2


[Site "https://www.chess.com"]

[Event "Titled Tuesday Blitz March 08 Late 2022"]
[White "Golubev, Mikhail"]
[Black "Pavlidou, Ekaterini"]
[WhiteFideId "14100983"]
[BlackFideId "4213262"]
[WhiteElo "2374"]
[BlackElo "2127"]
[Result "1-0"]
[Round "08"]
[TimeControl "180+1"]
[Date "2022.03.09"]
[WhiteClock "0:00:09"]
[BlackClock "0:00:40"]

1. e4 c5 2. Nf3 Nc6 3. Nc3 Nf6 4. d4 cxd4 5. Nxd4 e6 6. a3 d5 7. Bb5 Bd7 8. exd5 exd5 9. O-O Be7 10. Nde2 Be6 11. Nd4 Bd7 12. Nde2 Be6 13. Nf4 O-O 14. Nxe6 fxe6 15. Re1 e5 16. Bxc6 bxc6 17. Rxe5 Bd6 18. Re1 d4 19. Ne4 Nxe4 20. Rxe4 Qf6 21. Qxd4 Qxd4 22. Rxd4 Bc5 23. Rd2 Rae8 24. Kf1 Re6 25. b4 Bd6 26. Bb2 h5 27. g3 h4 28. Kg2 Bc7 29. Rd7 Be5 30. Re1 h3+ 31. Kf1 Rfe8 32. Rxe5 Rxe5 33. Bxe5 Rxe5 34. Rxa7 Rd5 35. Ra5 Rd1+ 36. Ke2 Rh1 37. Rh5 Rxh2 38. g4 g6 39. Rh6 Kg7 40. g5 Kf7 41. a4 Rh1 42. a5 h2 43. a6 Ra1 44. Rxh2 Rxa6 45. Rh4 Ra2 46. Rf4+ Ke6 47. Rf6+ Ke5 48. Kd3 Ra3+ 49. c3 Ra2 50. f4+ Kd5 51. c4# 1-0


[Site "https://www.chess.com"]

[Event "Titled Tuesday Blitz March 08 Late 2022"]
[White "Golubka, Petro"]
[Black "Mogranzini, Roberto"]
[WhiteFideId "14114224"]
[BlackFideId "810894"]
[WhiteElo "2346"]
[BlackElo "2469"]
[Result "1/2-1/2"]
[Round "08"]
[TimeControl "180+1"]
[Date "2022.03.08"]
[WhiteClock "0:00:18"]
[BlackClock "0:00:28"]

1. d4 Nf6 2. Nf3 d6 3. Bg5 Nbd7 4. Nc3 e5 5. e3 c6 6. a4 a5 7. Bd3 Be7 8. Nd2 O-O 9. O-O exd4 10. exd4 d5 11. Re1 Re8 12. Nf3 Bd6 13. Rxe8+ Qxe8 14. h3 h6 15. Bh4 Ne4 16. Bxe4 dxe4 17. Nd2 e3 18. Nc4 exf2+ 19. Bxf2 Bf8 20. Qf3 Nf6 21. Nb6 Ra6 22. Nxc8 Qxc8 23. Ne4 Nxe4 24. Qxe4 c5 25. d5 Rg6 26. c4 Bd6 27. Kh1 Qd7 28. b3 Rf6 29. Bg1 Qf5 30. Qe8+ Kh7 31. Re1 Rg6 32. Qe4 Qxe4 33. Rxe4 Rg3 34. Bh2 Rg6 35. g4 Bxh2 36. Kxh2 b6 37. Re7 Rf6 38. Kg3 g5 39. Rc7 Kg6 40. Rc6 Kg7 41. Rxf6 Kxf6 42. Kf3 Ke5 43. Ke3 f5 44. gxf5 Kxf5 45. Kf3 h5 46. Ke3 Ke5 47. Kf3 Kf5 48. Kf2 Ke5 49. Ke2 Kf5 50. Ke3 Ke5 51. h4 g4 52. Kf2 Kf5 53. Kg3 Ke5 54. Kf2 Kf5 55. Kg3 Ke5 56. Kf2 1/2-1/2


[Site "https://www.chess.com"]

[Event "Titled Tuesday Blitz March 08 Late 2022"]
[White "Ibarra Jerez, Jose Carlos"]
[Black "Goltseva, Ekaterina"]
[WhiteFideId "2226332"]
[BlackFideId "24173770"]
[WhiteElo "2626"]
[BlackElo "2140"]
[Result "1-0"]
[Round "08"]
[TimeControl "180+1"]
[Date "2022.03.08"]
[WhiteClock "0:00:03"]
[BlackClock "0:00:01"]

1. e4 e5 2. Nf3 Nc6 3. d4 exd4 4. Nxd4 Bc5 5. Nb3 Bb6 6. Qe2 a5 7. Nc3 Nf6 8. e5 O-O 9. exf6 Re8 10. Be3 a4 11. Nd2 Bxe3 12. fxe3 Nd4 13. Qd1 Rxe3+ 14. Kf2 Qxf6+ 15. Nf3 Nf5 16. Nd5 Qe6 17. Bd3 Qxd5 18. Bxf5 Qc5 19. Nd4 Re5 20. g4 Rd5 21. c3 a3 22. Re1 g6 23. Re8+ Kg7 24. Be4 Rd6 25. Qb3 axb2 26. Qxb2 Qg5 27. Nf3 Qf4 28. c4+ Rf6 29. Qe5 Qd2+ 30. Kg3 1-0


[Site "https://www.chess.com"]

[Event "Titled Tuesday Blitz March 08 Late 2022"]
[White "Jaferian, Koosha"]
[Black "Janaszak, Dawid"]
[WhiteFideId "12507440"]
[BlackFideId "1119206"]
[WhiteElo "2030"]
[BlackElo "2199"]
[Result "1/2-1/2"]
[Round "08"]
[TimeControl "180+1"]
[Date "2022.03.08"]
[WhiteClock "0:01:59"]
[BlackClock "0:00:51"]

1. Nf3 g6 2. d4 Bg7 3. b3 Nf6 4. Bb2 O-O 5. g3 b6 6. Bg2 Bb7 7. O-O c5 8. c4 cxd4 9. Nxd4 Bxg2 10. Kxg2 d5 11. Nd2 e6 12. Rc1 Qd7 13. e3 Rd8 14. Qe2 Nc6 15. Rfd1 Nxd4 16. Bxd4 Ne8 17. Bxg7 Nxg7 18. Ne4 Qe7 19. cxd5 exd5 20. Nc3 Qe5 21. Rd4 Ne6 22. Rh4 Rac8 23. Qd2 d4 24. exd4 Rxd4 25. Rxd4 Qxd4 26. Qxd4 Nxd4 27. Rd1 Rxc3 28. Rxd4 Rc2 29. Ra4 a5 30. b4 axb4 31. Rxb4 Rxa2 32. Rxb6 Kg7 33. h4 h5 34. Rc6 1/2-1/2


[Site "https://www.chess.com"]